 Dungeon Crawl Stone Soup version 0.29.1-15-g9cfb28693d (webtiles) character file.

Game seed: 4112764650331769368

301 Erymatos the Chopper (level 6, -1/55 HPs)
             Began as a Minotaur Berserker on Apr 27, 2023.
             Was a Believer of Trog.
             Killed from afar by Eustachio (3 damage)
             ... with a puff of flame
             ... on level 5 of the Dungeon.
             The game lasted 00:08:16 (3798 turns).

Erymatos the Chopper (Minotaur Berserker)           Turns: 3798, Time: 00:08:17

Health: -1/55      AC: 11    Str: 23      XL:     6   Next: 14%
Magic:  6/6        EV:  8    Int:  4      God:    Trog [**....]
Gold:   122        SH:  0    Dex:  8 (10) Spells: 7/7 levels left

rFire   . . .      SeeInvis .   n - +0 broad axe
rCold   . . .      Faith    +   (no shield)
rNeg    . . .      Spirit   .   t - +0 chain mail
rPois   .          Reflect  .   C - +0 hat
rElec   .          Harm     .   (no cloak)
rCorr   .          Rampage  .   (no gloves)
Will    .....                   s - +1 pair of boots
Stlth   ..........              e - amulet of faith
HPRegen 0.18/turn               (no ring)
MPRegen 0.10/turn               (no ring)

@: on berserk cooldown, slowed, very slow
A: horns 2, retaliatory headbutt
a: Renounce Religion, Berserk, Trog's Hand


You were on level 5 of the Dungeon.
You worshipped Trog.
Trog was pleased with you.
You visited 1 branch of the dungeon, and saw 5 of its levels.

You collected 237 gold pieces.
You spent 115 gold pieces at shops.

Inventory:

Hand Weapons
 a - a +0 hand axe
 n - a +0 broad axe (weapon)
Armour
 b - a +0 cloak
 s - a +1 pair of boots (worn)
 t - a +0 chain mail (worn)
 C - a +0 hat (worn)
Jewellery
 e - an amulet of faith (around neck)
 v - a ring of ice
Wands
 x - a wand of charming (3)
Scrolls
 d - 7 scrolls of identify {unknown}
 f - a scroll of fear {unknown}
 h - 2 scrolls of vulnerability {unknown}
 i - a scroll of fog {unknown}
 l - 2 scrolls of amnesia {unknown}
 q - a scroll of enchant weapon {unknown}
 r - 2 scrolls of teleportation {unknown}
 w - a scroll of immolation {unknown}
 y - a scroll of blinking {unknown}
 B - a scroll of poison {unknown}
Potions
 c - 2 potions of curing {unknown}
 g - 2 potions of lignification {unknown}
 j - a potion of mutation {unknown}
 k - a potion of might {unknown}
 m - 3 potions of magic {unknown}
 o - a potion of flight {unknown}
 p - 2 potions of heal wounds {unknown}
 u - a potion of cancellation {unknown}
 z - 2 potions of haste {unknown}
 A - 2 potions of brilliance {unknown}


   Skills:
 + Level 4.9 Fighting
 + Level 6.2 Axes
 + Level 3.2 Armour
 + Level 3.2 Dodging
 - Level 1.1 Spellcasting


You had 7 spell levels left.
You didn't know any spells.
Your spell library was empty.

Dungeon Overview and Level Annotations

Branches:
Dungeon (5/15)
 Temple: D:4-7

Altars:
Ashenzari
Fedhas

Shops:
D:1 [[

Annotations:
D:4 exclusion: oklob plant
D:5 Eustachio


Innate Abilities, Weirdness & Mutations

You have a pair of horns on your head.
You reflexively headbutt those who attack you in melee.


Message History

The quasit barely misses you.
The quasit claws you but does no damage.
Eustachio yells, "Perjured traitor, DIE!"
Eustachio hits you but does no damage. The white imp gestures at you.
The puff of frost hits you.
* * * LOW HITPOINT WARNING * * *
You miss Eustachio.
Eustachio is heavily wounded.
You slash the white imp!
You kill the white imp!
The white imp disappears in a puff of smoke!
You hit the river rat but do no damage. You closely miss the bat.
You barely miss the quasit. The bat hits you but does no damage.
The bat completely misses you.
The quasit bites you but does no damage.
The quasit claws you but does no damage. x2
The bat hits you but does no damage. The river rat misses you.
You furiously retaliate!
You headbutt the river rat, but do no damage.
Eustachio gestures wildly while chanting.
Eustachio blinks!
The quasit bites you.
* * * LOW HITPOINT WARNING * * *
The quasit claws you.
* * * LOW HITPOINT WARNING * * *
You feel clumsy.
The quasit claws you but does no damage.
The bat hits you but does no damage. The river rat closely misses you.
You miss Eustachio.
Eustachio is heavily wounded.
You closely miss the river rat. You miss the bat. You barely miss the quasit.
You hit the iron imp. The bat closely misses you. The bat hits you.
* * * LOW HITPOINT WARNING * * *
The quasit bites you but does no damage.
The quasit claws you but does no damage. x2
The river rat bites you but does no damage.
The quasit bites you but does no damage.
The quasit claws you but does no damage. x2
Eustachio zaps a wand.
The puff of flame hits you.
You die...

....#.....#.)........
....#.....#..........
...+.....#..........
..#.....'..........
#.##.##.####.####.#
#.##+##.####.## .#
#.†§..#........ .
#..@..#......<.
#.@r..#.........
#55...'........
#.bb..#........
#.....#>...:...
###..###+###.## #..#
## .... .....) ......


You could see Eustachio, an iron imp (summoned), a quasit (summoned), a river
rat (summoned) and 2 bats.

Vanquished Creatures
  A water moccasin (D:5)
  A hound (D:3)
  Crazy Yiuf (D:3)
  Jessica (D:2)
  A gnoll (D:1)
  An adder (D:5)
  An ufetubus (D:4)
  2 worms
  2 dart slugs
  10 orcs
  8 bats
  7 endoplasms
  3 giant cockroaches
  7 hobgoblins
  2 quokkas
  7 ball pythons
  5 frilled lizards
  3 kobolds
  6 rats
69 creatures vanquished.

Vanquished Creatures (others)
  27 plants (D:3)
27 creatures vanquished.

Grand Total: 96 creatures vanquished

Notes
Turn   | Place    | Note
-------+----------+-------------------------------------------
     0 | D:1      | Erymatos the Minotaur Berserker began the quest for the
                  | Orb.
     0 | D:1      | Reached XP level 1. HP: 19/19 MP: 0/0
    20 | D:1      | Found Tiuhuf Lile's Armour Boutique.
    26 | D:1      | Reached skill level 4 in Axes
    26 | D:1      | Reached XP level 2. HP: 17/27 MP: 1/1
   816 | D:1      | Found Ennuam's Antique Armour Boutique.
   820 | D:1      | Reached XP level 3. HP: 33/33 MP: 2/2
  1212 | D:2      | Noticed Jessica
  1218 | D:2      | Killed Jessica
  1219 | D:2      | Reached XP level 4. HP: 37/40 MP: 3/3
  1249 | D:2      | Found a faded altar of an unknown god.
  1906 | D:3      | Found a runed translucent door.
  1907 | D:3      | Noticed Crazy Yiuf
  2002 | D:3      | Reached skill level 5 in Axes
  2018 | D:3      | Reached ** piety under Trog
  2154 | D:3      | Reached skill level 1 in Spellcasting
  2284 | D:3      | Reached XP level 5. HP: 40/47 MP: 5/5
  2645 | D:1      | Bought a +1 pair of boots for 115 gold pieces
  2758 | D:3      | Killed Crazy Yiuf
  2930 | D:4      | Found a broken altar of Ashenzari.
  3020 | D:4      | Found a blossoming altar of Fedhas.
  3032 | D:4      | Noticed an oklob plant
  3677 | D:5      | Entered Level 5 of the Dungeon
  3720 | D:5      | Noticed a water moccasin
  3724 | D:5      | Killed a water moccasin
  3725 | D:5      | Reached skill level 6 in Axes
  3725 | D:5      | Reached XP level 6. HP: 55/55 MP: 6/6
  3772 | D:5      | Noticed Eustachio
  3797 | D:5      | HP: 2/55 [quasit[Eustachio] (1)]
  3798 | D:5      | Killed from afar by Eustachio

Illustrated notes

Levels and vault maps discovered:
D:1:      giann_forest_graveyard, layout_loops_ring, serial_shops,
          nicolae_diamond_shop, nicolae_shop_stone, minivault_24
D:2:      layout_loops_ring, hellmonk_ecumenical_altar_slurped_away,
          uniq_jessica
D:3:      layout_rooms, serial_bayou_lagoon_a, uniq_crazy_yiuf_cottage
D:4:      layout_loops_cross, kennysheep_little_box, tgw_fedhas
D:5:      layout_gridville, serial_shops, nicolae_shop_stone, uniq_eustachio

Skill      XL: |  1  2  3  4  5 |
---------------+----------------+-----
Axes           | 4 5 6 |  6.2
Fighting       | 4 |  4.9
Spellcasting   | 1 |  1.1
Dodging        | 3 |  3.2
Armour         | 3 |  3.2

Action                   |  1- 3 |  4- 6 || total
-------------------------+-------+-------++-------
Melee: Hand axe          |    67 |    62 ||   129
       Headbutt          |     5 |    17 ||    22
       Broad axe         |       |    29 ||    29
Invok: Berserk           |       |     5 ||     5
Armor: Animal skin       |    17 |    11 ||    28
       Chain mail        |       |    70 ||    70
Dodge: Dodged            |    37 |    70 ||   107
